 Dungeon Crawl Stone Soup version 0.17-a0-1970-g7a13dd1 (webtiles) character file.

98 matakusis the Ducker (level 4, 0/49 HPs)
             Began as a Demonspawn Gladiator on Oct 4, 2015.
             Succumbed to an adder's poison
             ... on level 2 of the Dungeon.
             The game lasted 00:04:56 (1010 turns).

matakusis the Ducker (Demonspawn Gladiator)         Turns: 1010, Time: 00:04:57

Health: 0/49       AC: 22    Str: 16    XL:     4   Next: 43%
Magic:  1/4        EV:  2    Int: 14    God:
Gold:   92         SH:  0    Dex: 14    Spells: 0 memorised, 3 levels left

rFire  + . .     SeeInvis .     a - +0 war axe
rCold  . . .     Clarity  .     (armour currently unavailable)
rNeg   + + +     SustAt   .     (no shield)
rPois  +         Gourm    .     (helmet currently unavailable)
rElec  .         Spirit   +     (cloak currently unavailable)
rCorr  .         Warding  .     (gloves currently unavailable)
rMut   .         NoTele   +     (boots currently unavailable)
MR     .....                    (no amulet)
Stlth  +.........               (no ring)
                                f - ring of protection from fire

@: brilliant, lethally poisoned (0 -> -1), tree-form (expiring), very slightly
contaminated, invisible, not resistant to hostile enchantments, very unstealthy
A: (hooves 0), blurry vision 1, sense surroundings 1, (poison resistance), magic
shield
a: no special abilities


You were on level 2 of the Dungeon.
You were hungry.
You were a tree.
You visited 1 branch of the dungeon, and saw 2 of its levels.

You collected 92 gold pieces.

Inventory:

Hand weapons
 a - a +0 war axe (weapon)
 l - a +0 dagger
Missiles
 d - 3 throwing nets (quivered)
 m - 17 poisoned needles
Armour
 b - a +0 leather armour (melded)
 c - a +0 helmet (melded)
Jewellery
 f - a ring of protection from fire (left branch)
Magical devices
 p - a wand of enslavement (0)
Scrolls
 k - a scroll of identify {unknown}
 n - 2 scrolls of remove curse {unknown}
 s - a scroll of immolation {unknown}
Comestibles
 e - 5 bread rations
 h - a chunk of flesh
 r - 4 fruits


   Skills:
 + Level 2.2 Fighting
 + Level 3.4 Axes
 + Level 2.0 Throwing
 + Level 1.0 Armour
 * Level 3.7 Dodging


You had 3 spell levels left.
You didn't know any spells.

Dungeon Overview and Level Annotations

Branches:
Dungeon (2/15)

Altars:


Innate Abilities, Weirdness & Mutations

((You have large cloven feet.))
When hurt, damage is shared between your health and your magic reserves.
Scrolls take you a little longer to read.
You passively map a small area around you.
((Your system is resistant to poisons.))


Message History

The worm is severely wounded.
The worm bites you but does no damage.
You barely miss the worm.
The worm is severely wounded.
* * * LOW HITPOINT WARNING * * *
You feel sick. The worm bites you but does no damage.
You barely miss the worm.
The worm is severely wounded.
The worm bites you but does no damage.
You strike the helpless worm from behind!
You slash the worm!
You kill the worm!
* * * LOW HITPOINT WARNING * * *
You feel sick.
You are feeling hungry.
You aren't carrying any potions.
* * * LOW HITPOINT WARNING * * *
You feel sick.
Your transformation is almost over.
You die...

#.........#
####.###### #.#
#.# #.########
#.....>..#
##.######.# #
##......... #.
#.♣...#.... ,
###.#.##....##,
#), ,
........##.##
#######........
, , *...#.####
, ..⌠.#.# , * *
.≈...... * *
≈≈≈≈..... * ,
..≈≈≈≈... , ,


There were no monsters in sight!

Vanquished Creatures
  Ijyb (D:2)
  3 adders (D:2)
  A gnoll (D:1)
  An ooze (D:1)
  2 worms (D:2)
  2 giant cockroaches (D:2)
  2 goblins (D:1)
  2 hobgoblins (D:1)
  A jackal (D:1)
  5 kobolds (D:1)
  A quokka (D:2)
  4 bats
  3 rats (D:1)
28 creatures vanquished.

Notes
Turn   | Place    | Note
--------------------------------------------------------------
     0 | D:1      | matakusis the Demonspawn Gladiator began the quest for the Orb.
     0 | D:1      | Reached XP level 1. HP: 16/16 MP: 1/1
   186 | D:1      | Reached skill level 3 in Dodging
   186 | D:1      | Gained mutation: You have large cloven feet. [demonic ancestry]
   186 | D:1      | Reached XP level 2. HP: 19/22 MP: 2/2
   419 | D:1      | Gained mutation: When hurt, damage is shared between your health and your magic reserves. [demonic ancestry]
   419 | D:1      | Reached XP level 3. HP: 23/27 MP: 3/3
   531 | D:2      | Noticed Ijyb
   551 | D:2      | Killed Ijyb
   599 | D:2      | Reached XP level 4. HP: 29/33 MP: 4/4
   990 | D:2      | Gained mutation: You passively map a small area around you. [potion of mutation]
   990 | D:2      | Gained mutation: Your system is resistant to poisons. [potion of mutation]
   990 | D:2      | Gained mutation: Scrolls take you a little longer to read. [potion of mutation]
   992 | D:2      | Reached skill level 1 in Armour
   998 | D:2      | HP: 2/49 [poisoned by an adder]
  1006 | D:2      | HP: 1/49 [poisoned by an adder]
  1010 | D:2      | Succumbed to an adder's poison

Vault maps used:
D:1:      lightli_arrival_statue_moat
D:2:      kiku_gazebo_pond_becter, first_bread, uniq_iyjb

Action                   |  1- 3 |  4- 6 || total
-------------------------+-------+-------++-------
Melee: War axe           |    48 |    35 ||    83
  Use: Potion            |       |     5 ||     5
 Stab: Invisible         |       |     2 ||     2
